AoeStats
← YANCI

Hideout

509911682Analyzed
1v1 RM · 4d ago on Sep 28, 2026· 61m 31s· 2 players
Game mode
Random Map
Map size
Tiny (2 player)
Population
200
Speed
Normal
Resources
Standard
Victory
Conquest
Starting age
Dark Age
Ending age
Imperial Age
RankedLock teamsTeams togetherTeam positionsShared explorationLock speedFull tech treeHidden civsTurbo modeCheats
Victory
Defeat
🇫🇷 Bohemians · France
531
+14
🇹🇷 Magyars · Türkiye
485
-14
YANCI
9:37 Loom
12:52 Feudal Age
13:57 Horse Collar
14:05 Double-Bit Axe
17:30 Wheelbarrow
17:37 Scale Barding Armor
22:51 Castle Age
21:51 Fletching
22:04 Padded Archer Armor
23:11 Crossbowman
24:00 Thumb Ring
23:17 Elite Skirmisher
24:16 Stone Mining
24:17 Gold Mining
30:15 Bow Saw
33:34 Imperial Age
31:29 Hand Cart
36:41 Two-Man Saw
35:18 Arbalester
36:55 Gold Shaft Mining
36:43 Husbandry
38:39 Chain Barding Armor
39:00 Leather Archer Armor
39:03 Bodkin Arrow
39:39 Light Cavalry
41:20 Plate Barding Armor
40:32 Cavalier
41:34 Town Watch
46:36 Capped Ram
49:59 Heavy Plow
52:27 Paladin
pavelpriesel
12:10 Feudal Age
13:43 Double-Bit Axe
13:42 Horse Collar
18:32 Fletching
18:45 Padded Archer Armor
18:48 Scale Mail Armor
18:59 Forging
25:48 Castle Age
27:01 Bow Saw
26:54 Heavy Plow
27:06 Squires
26:27 Pikeman
26:52 Arson
27:30 Fervor
28:10 Bodkin Arrow
28:31 Chain Mail Armor
30:14 Fortified Wall
31:08 Chemistry
30:38 Leather Archer Armor
32:24 Fortified Wall
32:37 Ballistics
33:31 Guard Tower
35:35 Iron Casting
36:30 Wheelbarrow
35:41 Town Watch
37:04 Fortified Wall
37:18 Crossbowman
38:15 Wagenburg Tactics
42:53 Imperial Age
40:13 Loom
43:28 Halberdier
46:08 Conscription
47:39 Bracer
49:26 Two-Man Saw
48:46 Hand Cart
48:32 Town Patrol
48:47 Arson
56:23 Elite Hussite Wagon
57:38 Ring Archer Armor
57:39 Plate Mail Armor
58:10 Blast Furnace
Connection lost

Rejoining the realm…

Still unreachable

The connection could not be restored.

Session expired

The server has moved on; the page needs a fresh start.